 Dungeon Crawl Stone Soup version 0.28.0-45-g0d030f2227 (webtiles) character file.

Game seed: 15094764007991040709

63 NinjaNoafa the Skirmisher (level 4, -4/40 HPs)
             Began as a Hill Orc Fighter on Apr 17, 2022.
             Slain by an orc warrior
             ... wielding a +0 halberd
              (14 damage)
             ... on level 3 of the Dungeon.
             The game lasted 00:02:13 (1586 turns).

NinjaNoafa the Skirmisher (Hill Orc Fighter)        Turns: 1586, Time: 00:02:14

Health: -4/40      AC:  7    Str: 20    XL:     4   Next: 9%
Magic:  4/4        EV:  9    Int:  8    God:
Gold:   114        SH:  4    Dex: 10    Spells: 3/3 levels left

rFire   . . .      SeeInvis .   a - +0 war axe
rCold   . . .      Faith    .   c - +0 buckler
rNeg    . . .      Spirit   .   b - +0 scale mail
rPois   .          Reflect  .   (no helmet)
rElec   .          Harm     .   (no cloak)
rCorr   .          Rampage  .   (no gloves)
Will    .....                   (no boots)
Stlth   ..........              (no amulet)
HPRegen 0.13/turn               (no ring)
MPRegen 0.09/turn               (no ring)

@: mighty
A: no striking features
a: no special abilities


You were on level 3 of the Dungeon.
You visited 1 branch of the dungeon, and saw 3 of its levels.

You collected 114 gold pieces.

Inventory:

Hand Weapons
 a - a +0 war axe (weapon)
Missiles
 e - 79 stones (quivered)
Armour
 b - a +0 scale mail (worn)
 c - a +0 buckler (worn)
 i - a +0 ring mail
Scrolls
 f - a scroll of fear {unknown}
 h - a scroll of acquirement {unknown}
 j - a scroll of identify {unknown}
 k - a scroll of immolation {unknown}
 m - a scroll of teleportation {unknown}
Potions
 d - a potion of might
 g - a potion of brilliance {unknown}
 l - a potion of curing {unknown}


   Skills:
 + Level 4.3 Fighting
 + Level 3.6 Axes
 + Level 3.9 Armour
 + Level 3.9 Shields


You had 3 spell levels left.
You didn't know any spells.
Your spell library was empty.

Dungeon Overview and Level Annotations

Branches:
Dungeon (3/15)

Altars:


Message History

What level of the Dungeon? (default 1, ? - help)
There is a stone staircase leading down here.
You climb downwards.
There is a stone staircase leading up here.
A goblin comes into view. It is wielding a +0 dagger.
Found a stone staircase leading up.
The goblin shouts!
The goblin hits you but does no damage.
You slash the goblin!
You kill the goblin!
A rat comes into view.
An orc warrior comes into view. It is wielding a +0 halberd.
Things that are here:
a +0 dagger; a goblin corpse
Things that are here:
a +0 dagger; a goblin corpse You hit the rat but do no damage.
The rat bites you but does no damage.
You slash the rat!
You kill the rat!
An orc wizard comes into view. It is wielding a +0 dagger.
You feel very mighty all of a sudden.
The orc wizard shouts!
You hear an angry hiss.
An orc comes into view. It is wielding a +2 vorpal hand axe.
The orc wizard mumbles some strange words.
The orc wizard flickers and vanishes!
Deactivating autopickup; reactivate with Ctrl-A.
An orc comes into view. It is wielding a +0 club.
The orc shouts! x2
The orc warrior hits you with a +0 halberd.
The orc moves out of view.
You block the orc warrior's attack.
You closely miss the orc warrior.
The orc warrior hits you with a +0 halberd! x2
You barely miss the orc warrior. You closely miss something.
You hear some strange, mumbled words.
A magic dart appears from out of thin air!
The magic dart hits you.
* * * LOW HITPOINT WARNING * * *
The orc warrior hits you with a +0 halberd!
You die...

.. .# #. .# #.
###.###
#####.##.....# #
#......#.....###
#.#.##.#†.........
........)#<....###
#.##.....#.....#
#.....o@.....###
#.##..{..#####
#.o.o.# ...#.###
#..#... #......
....... .....#


You could see an orc warrior and 2 orcs.

Vanquished Creatures
  2 adders (D:2)
  A ball python (D:2)
  5 bats
  7 endoplasms
  2 giant cockroaches (D:1)
  6 goblins
  3 hobgoblins
  2 jackals (D:2)
  3 kobolds
  4 frilled lizards
  4 rats
39 creatures vanquished.

Notes
Turn   | Place    | Note
-------+----------+-------------------------------------------
     0 | D:1      | NinjaNoafa the Hill Orc Fighter began the quest for the
                  | Orb.
     0 | D:1      | Reached XP level 1. HP: 19/19 MP: 1/1
   207 | D:1      | Reached XP level 2. HP: 27/27 MP: 2/2
   575 | D:1      | Reached skill level 4 in Fighting
   606 | D:1      | Reached XP level 3. HP: 31/33 MP: 3/3
   767 | D:2      | Found a faded altar of an unknown god.
  1247 | D:2      | Reached XP level 4. HP: 36/40 MP: 4/4
  1577 | D:3      | Noticed an orc warrior
  1586 | D:3      | Slain by an orc warrior

Illustrated notes

Levels and vault maps discovered:
D:1:      dpeg_arrival_pits, layout_basic
D:2:      layout_loops_cross, shapermc_ecumenical_altar_mp_highgroup
D:3:      layout_loops_ring, makhleb_altar_promises_db

Skill      XL: |  1  2 |
---------------+-------+-----
Axes           | 3 |  3.6
Fighting       | 4 |  4.3
Armour         | |  3.9
Shields        | |  3.9

Action                   |  1- 3 |  4- 6 || total
-------------------------+-------+-------++-------
Melee: War axe           |    87 |    12 ||    99
  Use: Potion            |       |     1 ||     1
Armor: Scale mail        |    41 |     7 ||    48
Dodge: Dodged            |    51 |     3 ||    54
Block: Buckler           |    19 |     2 ||    21
